 Dungeon Crawl Stone Soup version 0.31-a0-237-g2d982f9f85 (webtiles) character file.

Game seed: 9947602692247455224

156 qw the Shooter (level 5, -1/30 HPs)
             Began as a Gargoyle Hexslinger on July 11, 2023.
             Killed from afar by an orc wizard (5 damage)
             ... with a magic dart
             ... on level 2 of the Dungeon.
             The game lasted 00:00:39 (1623 turns).

qw the Shooter (Gargoyle Hexslinger)                Turns: 1623, Time: 00:00:39

Health: -1/30      AC:  9    Str: 12    XL:     5   Next: 38%
Magic:  6/6        EV: 10    Int: 13    God:
Gold:   31         SH:  0    Dex: 14    Spells: 5/6 levels left

rFire   . . .        Y - +2 sling
rCold   . . .        (no shield)
rNeg    + . .        b - +0 ring mail
rPois   inf          (no helmet)
rElec   +            (no cloak)
rCorr   .            (no gloves)
SInv    .            (no boots)
Will    .....        (no amulet) Stlth
                     (no ring)
HPRegen 0.25/turn    (no ring)
MPRegen 0.10/turn

%: no passive effects
@: confused
A: sickness immunity, AC +4, negative energy resistance 1, electricity
resistance, torment resistance 1, petrification resistance
a: no special abilities


You were on level 2 of the Dungeon.
You visited 1 branch of the dungeon, and saw 3 of its levels.

You collected 31 gold pieces.


Innate Abilities, Weirdness & Mutations

You are immune to sickness and miasma.
Your stone body is resilient. (AC +4)
You are immune to poison.
You resist negative energy. (rN+)
You are resistant to electric shocks. (rElec)
You are resistant to unholy torment.
You are immune to petrification.


   Skills:
 - Level 2.0 Fighting
 - Level 5.1 Ranged Weapons
 + Level 0.5 Armour
 - Level 1.5 Dodging
 - Level 1.0 Spellcasting
 - Level 2.6 Hexes


You had 5 spell levels left.
You knew the following spells:

 Your Spells              Type           Power      Damage    Failure   Level
a - Slow                  Hex            28%        N/A       22%         1

Your spell library contained the following spells:

 Spells                   Type           Power      Damage    Failure   Level
 Inner Flame              Hex/Fire       4%         N/A       73%         3
 Portal Projectile        Hex/Tloc       8%         N/A       73%         3
 Cause Fear               Hex            3%         N/A       91%         4

Inventory:

Hand Weapons
 Y - a +2 sling (weapon)
Armour
 b - a +0 ring mail (worn)
Potions
 a - a potion of magic {unknown}
 c - a potion of mutation {unknown}
 e - a potion of brilliance {unknown}
 f - a potion of cancellation {unknown}

Dungeon Overview and Level Annotations

Branches:
Dungeon (3/15)

Altars:

Annotations:
D:2 1 runed translucent door, Crazy Yiuf


Message History

The orc wizard barely misses you.
Autopickup is now on.
You shoot a sling bullet. The sling bullet hits the orc wizard.
The orc wizard is lightly wounded.
Something hits you.
Deactivating autopickup; reactivate with Ctrl-A.
The orc wizard barely misses you.
Autopickup is now on.
You shoot a sling bullet.
The sling bullet hits the orc wizard but does no damage.
Something hits you but does no damage.
Deactivating autopickup; reactivate with Ctrl-A.
The orc wizard casts a spell at you. You resist with some effort.
Something hits you.
The orc wizard gestures wildly while chanting.
The orc wizard flickers and vanishes!
You shoot a sling bullet. Something hits you.
Something hits you but does no damage.
You shoot a sling bullet. Something hits you. x2
You shoot a sling bullet.
Something hits you but does no damage. x2
You shoot a sling bullet. Something hits you but does no damage.
Something completely misses you.
Something hits you but does no damage. x2
You shoot a sling bullet. Something hits you but does no damage.
Something hits you.
You shoot a sling bullet.
Something hits you but does no damage. x2
You shoot a sling bullet. Something hits you but does no damage.
Something hits you.
You shoot a sling bullet.
You hear some strange, mumbled words.
You are confused.
Something hits you but does no damage. x3
You shoot a sling bullet.
You hear some strange, mumbled words.
A magic dart appears from out of thin air!
The magic dart hits you.
You die...

#.#..........##.#........#......
##.#..........##.#.#..###.#.##.#.
...#.####...####.#.#.## #.#.#....
.)##.>....#.####.#...# #.#.#....
..''...........#....#####+#.#....
..##......#....#....##.......###.
..##.#.........#....##..%......'.
..##.#.####.##.{{#'###........##.
..##.#.# #.##.#@#.# ####+#'#.##.
..##.#.# #.##.###.######.#.#.###
..##.#.####.##.# #..^.......#.#
..##.#.........##########.###.# #
...#.#..#.....................# #
...#.#..#.#.#############.##### #
##.#.#..#.#...# #.# #
#.#.#..#.###.# #.# # #.#....#.#
#.# #.# #


There were no monsters in sight!

Vanquished Creatures
  Jessica (D:2)
  Natasha (thrice) (D:2)
  A worm (D:2)
  A dart slug (D:1)
  2 orcs
  5 ball pythons (D:1)
  3 endoplasms (D:1)
  A giant cockroach (D:2)
  3 goblins
  7 hobgoblins
  4 kobolds
  4 quokkas
  3 bats
  4 frilled lizards (D:1)
  6 rats
48 creatures vanquished.

Notes
Turn   | Place    | Note
-------+----------+-------------------------------------------
     0 | D:1      | qw the Gargoyle Hexslinger began the quest for the Orb.
     0 | D:1      | Reached XP level 1. HP: 12/12 MP: 2/2
     0 | D:1      | 0 ||| qw: Version: 0.3-a-52-g30416fa
     0 | D:1      | 0 ||| qw: Game counter: 5802
     0 | D:1      | 0 ||| qw: Melee chars always use a shield: true
     0 | D:1      | 0 ||| qw: God list: Okawaru
     0 | D:1      | 0 ||| qw: Allow faded altars: false
     0 | D:1      | 0 ||| qw: Do Orc after clearing Dungeon:15 true
     0 | D:1      | 0 ||| qw: Do second Lair branch before Depths: true
     0 | D:1      | 0 ||| qw: Lair rune preference: random
     0 | D:1      | 0 ||| qw: Goals: Normal
     0 | D:1      | 0 ||| PLANNING D:1-11
    84 | D:1      | Reached XP level 2. HP: 16/16 MP: 3/3
   206 | D:1      | Reached skill level 3 in Ranged Weapons
   338 | D:1      | Reached XP level 3. HP: 21/21 MP: 4/4
   505 | D:1      | 505 ||| UPGRADING to +0 leather armour.
   515 | D:1      | 515 ||| DROPPING +0 robe.
   516 | D:1      | 516 ||| READING scroll labelled HIORGH XU ZOI.
   517 | D:1      | 517 ||| READING scroll labelled AJAMAU BETYGIUCS.
   518 | D:1      | 518 ||| DROPPING scroll of poison.
   577 | D:2      | Noticed Natasha
   582 | D:2      | Killed Natasha
   583 | D:2      | Reached XP level 4. HP: 18/26 MP: 5/5
   781 | D:2      | Reached skill level 4 in Ranged Weapons
   946 | D:2      | Found a runed translucent door.
   947 | D:2      | Noticed Crazy Yiuf
  1175 | D:2      | Noticed Natasha
  1184 | D:2      | Killed Natasha
  1298 | D:2      | Noticed Jessica
  1307 | D:2      | Killed Jessica
  1308 | D:2      | Reached XP level 5. HP: 28/30 MP: 6/6
  1458 | D:2      | Noticed Natasha
  1466 | D:2      | Killed Natasha
  1467 | D:2      | Reached skill level 5 in Ranged Weapons
  1556 | D:2      | 1556 ||| UPGRADING to +0 ring mail.
  1566 | D:2      | 1566 ||| DROPPING +0 leather armour.
  1602 | D:3      | 1602 ||| STAIRDANCE
  1604 | D:3      | 1604 ||| STAIRDANCE
  1606 | D:3      | 1606 ||| STAIRDANCE
  1614 | D:2      | HP: 7/30 [something (3)]
  1619 | D:2      | HP: 4/30 [something (2)]
  1623 | D:2      | Killed from afar by an orc wizard

Levels and vault maps discovered:
D:1:      psy_arrival_fountain, layout_rooms
D:2:      layout_basic, uniq_natasha, uniq_jessica, uniq_crazy_yiuf_cottage
D:3:      layout_basic, ebering_ghost_gozag

Skill      XL: |  1  2  3  4  5 |
---------------+----------------+-----
Ranged Weapons | 3 4 5 |  5.1
Fighting       | 2 |  2.0
Armour         | |  0.5
Dodging        | |  1.5
Spellcasting   | |  1.0
Hexes          | |  2.6

Action                     |  1- 3 |  4- 6 || total
---------------------------+-------+-------++-------
   Fire: Sling             |    80 |    81 ||   161
    Use: Scroll            |     2 |       ||     2
 Armour: Robe              |    12 |       ||    12
         Leather armour    |     4 |     7 ||    11
         Ring mail         |       |    27 ||    27
  Dodge: Dodged            |    14 |    24 ||    38

Table legend:
 A = Non-vault XP
 B = Vault XP
 C = Vault XP percentage of total XP
 D = Non-vault monster count
 E = Vault monster count
 F = Vault count percentage of total count
                 A         B        C        D         E       F
            +---------+---------+-------+---------+---------+-------
      Total |     152 |      72 |  32.1 |      46 |       2 |   4.2
            +---------+---------+-------+---------+---------+-------
        D:1 |      46 |       0 |   0.0 |      26 |       0 |   0.0
        D:2 |     103 |      72 |  41.1 |      19 |       2 |   9.5
        D:3 |       3 |       0 |   0.0 |       1 |       0 |   0.0
            +---------+---------+-------+---------+---------+-------
